 Dungeon Crawl Stone Soup version 0.19-a0-726-g4af737f (webtiles) character file.

172 penismuncher the Poker (level 5, 0/42 HPs)
             Began as a Merfolk Wanderer on June 22, 2016.
             Slain by a river rat (6 damage)
             ... on level 3 of the Dungeon.
             The game lasted 00:03:32 (3506 turns).

penismuncher the Poker (Merfolk Wanderer)           Turns: 3506, Time: 00:03:33

Health: 0/42       AC:  5    Str: 11    XL:     5   Next: 52%
Magic:  5/5        EV:  9    Int: 12    God:
Gold:   189        SH:  0    Dex: 15    Spells: 0 memorised, 4 levels left

rFire  . . .     SeeInvis .     e - +0 spear
rCold  . . .     Gourm    .     b - +0 ring mail
rNeg   . . .     Faith    .     (no shield)
rPois  .         Spirit   .     (no helmet)
rElec  .         Dismiss  .     (no cloak)
rCorr  .         Reflect  .     (no gloves)
SustAt .         Harm     .     (no boots)
MR     .....                    (no amulet)
Stlth  +.........               (no ring)
                                (no ring)

@: not resistant to hostile enchantments, very unstealthy
A: change form in water, swift swim
a: no special abilities


You were on level 3 of the Dungeon.
You were hungry.

You visited 1 branch of the dungeon, and saw 3 of its levels.

You collected 189 gold pieces.

Inventory:

Hand Weapons
 e - a +0 spear (weapon)
Armour
 b - a +0 ring mail (worn)
Wands
 p - a wand of enslavement (13/24)
Scrolls
 a - a scroll of recharging {unknown}
 d - a scroll of enchant weapon {unknown}
 g - a scroll of enchant armour {unknown}
 i - 2 scrolls of teleportation {unknown}
 k - 2 scrolls of identify {unknown}
Potions
 c - a potion of brilliance {unknown}
 h - 2 potions of heal wounds {unknown}
 o - a potion of flight {unknown}
 q - a potion of cure mutation {unknown}
Comestibles
 f - 3 bread rations
 j - 3 fruits
 l - 2 beef jerkies
 m - a slice of pizza
 n - a meat ration


   Skills:
 - Level 3.8 Fighting
   Level 2.1 Long Blades
   Level 1.5(2.9) Axes
 + Level 6.8(7.2) Polearms
 - Level 1.0 Armour
 - Level 2.1 Stealth


You had 4 spell levels left.
You didn't know any spells.

Dungeon Overview and Level Annotations

Branches:
Dungeon (3/15)

Altars:
Cheibriados
Elyvilon
Fedhas
Kikubaaqudgha
Pakellas


Message History

You hit the river rat but do no damage.
The river rat is almost dead.
The river rat bites you.
* * * LOW HITPOINT WARNING * * *
You are too injured to fight recklessly!
Your legs become a tail as you enter the water.
You are too injured to fight recklessly!
You are too injured to fight recklessly!
You are too injured to fight recklessly!
You are too injured to fight recklessly!
You hit the river rat but do no damage.
The river rat is almost dead.
You hit the river rat but do no damage.
The river rat is almost dead.
The river rat bites you.
* * * LOW HITPOINT WARNING * * *
You barely miss the river rat.
The river rat is almost dead.
The river rat bites you.
You die...

##########
#≈≈≈#≈.≈.#
#≈.≈+≈≈≈.#
#≈≈†#≈≈≈.#
####'≈...#
#≈≈≈≈r...#
#.≈≈≈≈@..#
#≈≈≈.....#
#........#
##.###.###
#.....#
#.#####
#.# #.#
#.#


You could see a river rat.

Vanquished Creatures
  Terence (D:2)
  An orc wizard (D:3)
  4 adders
  A river rat (D:3)
  An ooze (D:2)
  A worm (D:3)
  7 orcs
  2 ball pythons (D:3)
  7 bats
  3 giant cockroaches
  2 goblins (D:1)
  9 hobgoblins
  6 jackals
  2 quokkas
  3 giant newts
  3 kobolds
  11 rats
64 creatures vanquished.

Notes
Turn   | Place    | Note
--------------------------------------------------------------
     0 | D:1      | penismuncher the Merfolk Wanderer began the quest for the Orb.
     0 | D:1      | penismuncher set off with: a +2 falchion, a +0 ring mail, a +0 hand axe, a +0 dagger, a bread ration
     0 | D:1      | Reached XP level 1. HP: 18/18 MP: 1/1
   188 | D:1      | Reached XP level 2. HP: 25/25 MP: 2/2
   222 | D:1      | Reached skill level 1 in Polearms
   563 | D:1      | Reached skill level 2 in Polearms
   757 | D:2      | Found an ancient bone altar of Kikubaaqudgha.
   795 | D:2      | Reached XP level 3. HP: 27/30 MP: 3/3
   825 | D:2      | Reached skill level 3 in Polearms
   841 | D:2      | HP: 1/30 [adder (2)]
  1166 | D:2      | Reached skill level 4 in Polearms
  1221 | D:2      | Noticed Terence
  1262 | D:2      | Killed Terence
  1262 | D:2      | Reached skill level 5 in Polearms
  1262 | D:2      | Reached XP level 4. HP: 22/37 MP: 4/4
  1457 | D:2      | Found a blossoming altar of Fedhas.
  1457 | D:2      | Found a snail-covered altar of Cheibriados.
  1458 | D:2      | Found an oddly glowing altar of Pakellas.
  2186 | D:3      | Reached skill level 6 in Polearms
  2186 | D:3      | Reached XP level 5. HP: 34/42 MP: 5/5
  2874 | D:3      | Found a white marble altar of Elyvilon.
  3506 | D:3      | Slain by a river rat

Vault maps used:
D:1:      dpeg_arrival_rooms_a
D:2:      nicolae_overflow_crystal_walls, gammafunk_temple_overflow_claw,
          first_bread, uniq_terence
D:3:      lemuel_coloured_pillars_altar, portal_sewer_entry_e,
          minmay_misc_feat_secret_circle

Skill      XL: |  1  2  3  4 |
---------------+-------------+-----
Polearms       | 2 5 6 |  6.8
Fighting       | |  3.8
Long Blades    | |  2.1
Axes           | |  1.5
Armour         | |  1.0
Stealth        | |  2.1

Action                   |  1- 3 |  4- 6 || total
-------------------------+-------+-------++-------
Melee: Falchion          |    11 |       ||    11
       Spear             |   135 |   211 ||   346
       Tailslap          |       |     2 ||     2
  Use: Potion            |     2 |     2 ||     4
 Stab: Sleeping          |     2 |       ||     2
  Eat: Chunk             |       |     8 ||     8
Armor: Ring mail         |    54 |    50 ||   104
Dodge: Dodged            |    53 |    62 ||   115
